 Dungeon Crawl Stone Soup version 0.16-a0-4099-g0be755f (webtiles) character file.

11502 dysrexia the Destroyer (level 11, 0/97 HPs)
             Began as a Yellow Draconian Conjurer on Feb 24, 2015.
             Was a Priest of Vehumet.
             Slain by a seven-headed hydra (6 damage)
             ... on level 3 of the Lair of Beasts on Feb 25, 2015.
             The game lasted 01:27:20 (12398 turns).

dysrexia the Destroyer (Yellow Draconian Conjurer) Turns: 12398, Time: 01:27:20

Health: 0/97       AC: 12    Str: 10    XL:     11   Next: 50%
Magic:  23/23      EV: 12    Int: 20    God:    Vehumet [***...]
Gold:   504        SH:  0    Dex: 11    Spells: 4 memorised, 5 levels left

rFire  . . .     SeeInvis .     t - staff of conjuration
rCold  . . .     Clarity  .     (armour unavailable)
rNeg   + . .     SustAb   .     (no shield)
rPois  .         Gourm    .     u - +2 hat
rElec  .         Spirit   .     m - +1 cloak
rCorr  +         Warding  .     F - +0 pair of gloves
rMut   .         Stasis   .     (no boots)
MR     +....                    (no amulet)
Stlth  ++........               g - ring of positive energy
                                k - ring of protection from magic

@: starving, somewhat resistant to hostile enchantments, unstealthy
A: spit acid, acid resistance, unfitting armour, cold-blooded, AC +7
a: Spit Acid, Renounce Religion


You were on level 3 of the Lair of Beasts.
You worshipped Vehumet.
Vehumet was most pleased with you.
You were starving.

You visited 3 branches of the dungeon, and saw 13 of its levels.

You collected 673 gold pieces.
You spent 169 gold pieces at shops.

Inventory:

Hand weapons
 D - a +0 quarterstaff of holy wrath
Missiles
 d - 16 poisoned needles
 E - 5 curare-tipped needles
 S - a throwing net (quivered)
Armour
 m - a +1 cloak (worn)
 u - a +2 hat (worn)
 F - a +0 pair of gloves (worn)
Magical staves
 t - an uncursed staff of conjuration (weapon)
Jewellery
 g - a ring of positive energy (right hand)
 k - a ring of protection from magic (left hand)
Magical devices
 p - a wand of slowing (16)
 B - a wand of paralysis (3)
 H - a wand of confusion (37)
Scrolls
 x - a scroll of identify
 I - a scroll of recharging
 M - 3 scrolls of remove curse
 P - 4 scrolls of fog
Potions
 e - 6 potions of brilliance
 f - a potion of ambrosia
 h - 3 potions of heal wounds
 i - a potion of flight
 j - a potion of magic {unknown}
 l - a potion of poison {unknown}
 n - a potion of lignification {unknown}
 r - a potion of curing
 s - 3 potions of invisibility
 v - 4 potions of resistance
 w - a potion of berserk rage {unknown}
 z - a potion of cure mutation {unknown}
Comestibles
 b - 12 bread rations
 c - 14 fruits
 o - 7 meat rations
 R - 6 beef jerkies


   Skills:
 - Level 9.3 Fighting
 - Level 1.7 Dodging
 - Level 1.7 Stealth
 - Level 5.4 Spellcasting
 + Level 11.6 Conjurations
 - Level 3.8 Hexes
 - Level 4.0 Charms
 + Level 8.5 Fire Magic


You had 5 spell levels left.
You knew the following spells:

 Your Spells              Type           Power        Failure   Level  Hunger
a - Magic Dart            Conj           ####         1%          1    None
c - Dazzling Spray        Conj/Hex       ######..     1%          3    ##.....
d - Bolt of Fire          Conj/Fire      ######....   10%         6    #######
e - Iskenderun's Battles  Conj/Chrm      ######..     4%          5    #####..


Dungeon Overview and Level Annotations

Branches:
Dungeon (9/15)             Temple (1/1) D:7            Lair (3/8) D:9
  Snake (0/5) Lair:3
  Swamp: Lair:3-6    Shoals: Lair:3-6       Orc: D:9-12

Altars:
Ashenzari
Cheibriados
Dithmenos
Elyvilon
Fedhas
Gozag
Kikubaaqudgha
Makhleb
Nemelex Xobeh
Okawaru
Qazlal
Ru
Trog
Vehumet
Xom
Yredelemnul
Zin
The Shining One

Shops:
D:5 !

Annotations:
Lair:2 Maud
Lair:3 Spolavi's ghost, powerful TrBe


Innate Abilities, Weirdness & Mutations

You can spit globs of acid.
You can corrode armour when you spit acid.
You are resistant to acid.
Your golden yellow scales are hard (AC +7).
Your body does not fit into most forms of armour.
Your cold-blooded metabolism reacts poorly to cold.


Message History

The seven-headed hydra bites you but does no damage.
The seven-headed hydra closely misses you.
The seven-headed hydra bites you.
* * * LOW HITPOINT WARNING * * *
The seven-headed hydra bites you but does no damage.
The seven-headed hydra bites you!
* * * LOW HITPOINT WARNING * * *
The seven-headed hydra bites you but does no damage.
The seven-headed hydra bites you.
* * * LOW HITPOINT WARNING * * *
You see here a long sword.
Evoke which item? (* to show all) (? for menu, Esc to quit)
Zapping:
B - a wand of paralysis {zapped: 5} (will waste charges)
Press: ? - help, Shift-Dir - straight line, f/p - seven-headed hydra
Aim: a seven-headed hydra (chance 15%)
The seven-headed hydra resists with almost no effort.
Evoking this partially-identified wand wasted a few charges.
The seven-headed hydra bites you but does no damage.
The seven-headed hydra bites you.
You die...

.....................#
....................##
#.P##....####'.##....#
..........###.###...##
..........#...P###..#
.........P#....P##..#
.........###...###..#
!........###...##...##
....P........@.##...P#
.#.P.#....####D####...#
..........####..##P..##
..........P##..###P..#
.....................#
....................#
....................##
........)..#..###....#
....##.....###..#....#


You could see a seven-headed hydra.

Vanquished Creatures
  The ghost of MarvinPA the Nimble, a powerful SpNe of Gozag (Lair:3)
  The ghost of Spolavi the Transmogrifier, an experienced MfTm of Okawaru (D:8)
  Pikel (D:7)
  3 spiny frogs
  A fire drake (Lair:3)
  A komodo dragon (Lair:1)
  A trapdoor spider zombie (D:9)
  2 basilisks
  3 yaks (D:9)
  A spriggan (Lair:2)
  4 hippogriffs
  3 nagas (Lair:3)
  3 wolves (Lair:1)
  2 hungry ghosts
  2 ice beasts
  3 porcupines
  2 orc warriors
  6 water moccasins
  2 black bears
  5 phantoms
  A sky beast (D:5)
  4 slaves (D:7)
  4 ogres
  5 centaurs
  8 giant frogs
  2 wasps
  A big kobold (D:9)
  3 crocodiles
  5 killer bees (D:9)
  A scorpion (D:4)
  3 goliath beetles
  14 wights
  A giant frog zombie (D:7)
  A crimson imp (D:7)
  3 orc priests
  6 orc wizards
  4 centaur skeletons
  A giant frog skeleton (D:4)
  7 hounds
  An iguana (Lair:1)
  8 worker ants
  A killer bee zombie (D:9)
  7 sheep (Lair:2)
  Ijyb (D:2)
  2 hound zombies
  Terence (D:2)
  11 adders
  A giant mite (D:6)
  A shadow imp (D:6)
  3 worms (D:2)
  An adder zombie (D:6)
  5 giant geckos
  5 oozes
  25 orcs
  13 bats
  A bat skeleton (D:5)
  A bat zombie (D:7)
  5 giant cockroaches
  5 goblins
  9 hobgoblins
  9 jackals
  3 ball pythons
  10 giant newts
  14 kobolds
  8 quokkas
  17 rats
  20 ballistomycetes
309 creatures vanquished.

Vanquished Creatures (others)
  A giant gecko (D:8)
  4 giant spores
  A jackal skeleton (D:9)
  A kobold (D:9)
7 creatures vanquished.

Grand Total: 316 creatures vanquished

Notes
Turn   | Place    | Note
--------------------------------------------------------------
     0 | D:1      | dysrexia, the Draconian Conjurer, began the quest for the Orb.
     0 | D:1      | Reached XP level 1. HP: 14/14 MP: 3/3
   243 | D:1      | Reached XP level 2. HP: 20/20 MP: 1/4
   459 | D:1      | Learned a level 2 spell: Searing Ray
   551 | D:2      | Noticed Ijyb
   580 | D:2      | Killed Ijyb
   580 | D:2      | Reached skill level 5 in Conjurations
   580 | D:2      | Reached XP level 3. HP: 20/26 MP: 1/6
   671 | D:2      | Noticed Terence
   738 | D:2      | Killed Terence
   834 | D:2      | Reached XP level 4. HP: 27/33 MP: 1/7
  1172 | D:2      | Reached skill level 6 in Conjurations
  1507 | D:3      | Noticed an ogre
  1659 | D:3      | Killed an ogre
  1659 | D:3      | Reached skill level 7 in Conjurations
  1659 | D:3      | Reached XP level 5. HP: 32/38 MP: 0/9
  1938 | D:3      | Learned a level 3 spell: Dazzling Spray
  2025 | D:4      | Noticed a phantom
  2037 | D:4      | Reached XP level 6. HP: 35/45 MP: 7/10
  2124 | D:4      | Killed a phantom
  2124 | D:4      | Reached skill level 1 in Hexes
  2492 | D:5      | Entered Level 5 of the Dungeon
  2603 | D:5      | Found Luixzic's Distillery.
  2620 | D:5      | Bought 2 potions of heal wounds for 130 gold pieces
  2620 | D:5      | Bought a potion of curing for 39 gold pieces
  2656 | D:5      | Reached skill level 8 in Conjurations
  2656 | D:5      | Your scales start taking on a golden yellow colour.
  2656 | D:5      | Reached XP level 7. HP: 42/50 MP: 7/12
  2820 | D:5      | Found a glowing silver altar of Zin.
  3388 | D:6      | Found a sparkling altar of Nemelex Xobeh.
  3431 | D:6      | Found a glowing golden altar of the Shining One.
  3660 | D:6      | Reached skill level 1 in Fighting
  3900 | D:6      | Reached XP level 8. HP: 44/61 MP: 1/13
  4069 | D:6      | Reached skill level 9 in Conjurations
  4376 | D:6      | Identified a scroll of acquirement
  5059 | D:7      | Found a staircase to the Ecumenical Temple.
  5071 | Temple   | Entered the Ecumenical Temple
  5123 | Temple   | Became a worshipper of Vehumet
  5194 | D:7      | Reached skill level 5 in Fighting
  5512 | D:7      | Noticed Pikel
  5547 | D:7      | Killed Pikel
  5547 | D:7      | Reached skill level 10 in Conjurations
  5547 | D:7      | Reached XP level 9. HP: 38/78 MP: 1/14
  6469 | D:7      | Acquired Vehumet's first power
  6469 | D:7      | Offered knowledge of Flame Tongue by Vehumet.
  6787 | D:8      | Noticed Spolavi's ghost (experienced MfTm)
  6823 | D:8      | Killed Spolavi's ghost
  6951 | D:8      | Got a translucent shield
  6957 | D:8      | Identified the +3 shield of Conscience {+Fly MP+9} (You found it on level 8 of the Dungeon)
  7016 | D:8      | Reached XP level 10. HP: 73/90 MP: 17/21
  7354 | D:8      | Reached skill level 5 in Spellcasting
  7595 | D:8      | Offered knowledge of Throw Frost by Vehumet.
  7940 | D:8      | Learned a level 6 spell: Bolt of Fire
  7946 | D:8      | Learned a level 5 spell: Iskenderun's Battlesphere
  8042 | D:9      | Reached skill level 1 in Charms
  8042 | D:9      | Reached skill level 1 in Fire Magic
  8338 | D:9      | Found a stormy altar of Qazlal.
  8840 | D:9      | Found a staircase to the Lair.
  8986 | D:9      | Offered knowledge of Inner Flame by Vehumet.
  8995 | D:9      | Found a glowing silver altar of Zin.
  8995 | D:9      | Found a white marble altar of Elyvilon.
  8995 | D:9      | Found a glowing golden altar of the Shining One.
  9296 | Lair:1   | Entered Level 1 of the Lair of Beasts
  9298 | Lair:1   | Acquired Vehumet's second power
  9403 | Lair:1   | Reached skill level 5 in Fire Magic
 10406 | Lair:1   | Reached XP level 11. HP: 97/97 MP: 17/23
 10626 | Lair:2   | Noticed a spriggan rider
 10633 | Lair:2   | Killed a wasp
 10634 | Lair:2   | Killed a spriggan
 10958 | Lair:2   | Offered knowledge of Mephitic Cloud by Vehumet.
 11119 | Lair:2   | Reached skill level 11 in Conjurations
 11251 | Lair:2   | Found a shimmering altar of Xom.
 11409 | Lair:3   | Noticed MarvinPA's ghost (powerful SpNe)
 11743 | Lair:2   | Upgraded the game from 0.16-a0-4092-gb8933cd to 0.16-a0-4099-g0be755f
 11770 | Lair:3   | Found a staircase to the Snake Pit.
 11832 | Lair:3   | Killed MarvinPA's ghost
 12009 | Lair:3   | Noticed a seven-headed hydra
 12012 | Lair:3   | Noticed Spolavi's ghost (powerful TrBe)
 12051 | Lair:3   | Noticed Maud
 12386 | Lair:3   | HP: 4/97 [seven-headed hydra (15)]
 12398 | Lair:3   | Slain by a seven-headed hydra

Action                   |  1- 3 |  4- 6 |  7- 9 | 10-12 || total
-------------------------+-------+-------+-------+-------++-------
Melee: Unarmed           |    50 |    32 |       |       ||    82
       Falchion          |       |   107 |    33 |       ||   140
       Morningstar       |       |       |    38 |       ||    38
       Staff             |       |       |   211 |   363 ||   574
       Long sword        |       |       |    22 |       ||    22
 Cast: Magic Dart        |    36 |    75 |    84 |   125 ||   320
       Searing Ray       |     3 |    10 |    38 |    37 ||    88
       Dazzling Spray    |       |     1 |    40 |    75 ||   116
       Iskenderun's Batt |       |       |       |    15 ||    15
       Bolt of Fire      |       |       |       |     2 ||     2
 Abil: Spit Acid         |       |       |    11 |     1 ||    12
Evoke: Wand              |       |       |       |     5 ||     5
  Use: Scroll            |     1 |     5 |     4 |     9 ||    19
       Potion            |       |       |       |     1 ||     1
 Stab: Sleeping          |     1 |     2 |     3 |       ||     6
       Invisible         |       |       |     4 |     1 ||     5
       Paralysed         |       |       |       |     5 ||     5
  Eat: Chunk             |     1 |     7 |    15 |    15 ||    38
       Pizza             |       |       |     2 |     2 ||     4
       Bread ration      |       |       |     1 |       ||     1
       Beef jerky        |       |       |     1 |       ||     1
       Fruit             |       |       |       |     8 ||     8
